Map: Kerrigan's Demise

Players

Dimento

  • Race: Terran Terran

lllllllllll

  • Race: Protoss Protoss

Masamune

  • Race: Terran Terran

Brambleheart

  • Race: Zerg Zerg

NoRagrets

  • Race: Protoss Protoss
  • Spawn Location: 9:00

Toth

  • Race: Terran Terran

Alarak

  • Race: Zerg Zerg

Priest - Winner!

  • Race: Zerg Zerg
  • League: Master
  • Spawn Location: 9:00

BloodAsp

  • Race: Protoss Protoss

VOD

Have the link to the VOD?

Description

Dimento nerfed 2 HK's from Overmind because of this game.

Time

  • Played on: Oct. 30, 2024, 11:05 p.m.
  • Length: 18:22
Show
View Real Time Build Order
Export as new Build Order

Dimento Terran 

Build Orders:  

Get SALT Encoding   

  52  0:00  Marine x114, Ghost x38, Unknown x38  
  52  0:34  Ghost  
  52  0:42  Marauder  
  52  0:45  Marine x5  
  52  1:03  Unknown  
  74  1:27  Unknown x2  
  68  1:35  Siege Tank  
  68  1:38  Ghost  
  68  1:46  Marauder  
  68  1:49  Marine x6  
  62  2:07  Unknown x2  
  88  2:40  Siege Tank  
  88  2:43  Ghost  
  88  2:51  Unknown, Marauder  
  102  2:54  Marine x7  
  116  3:12  Unknown x3  
  138  3:44  Siege Tank  
  138  3:47  Ghost  
  150  3:55  Marauder  
  158  3:58  Marine x8  
  158  4:15  Unknown x2  
  158  4:16  Unknown x4  
  190  4:48  Siege Tank  
  190  4:51  Ghost  
  188  4:59  Marauder  
  164  5:02  Marine x8  
  164  5:20  Unknown x4  
  204  5:24  Siege Tank  
  204  5:27  Ghost x2  
  202  5:38  Marine x7  
  202  5:39  Unknown x2  
  202  5:56  Unknown x4  
  110  6:57  Siege Tank x2  
  110  7:00  Ghost  
  110  7:08  Marauder  
  110  7:11  Marine x10  
  110  7:20  Unknown  
  110  7:29  Unknown x6  
  164  8:01  Siege Tank x2  
  164  8:04  Ghost  
  154  8:12  Marauder  
  134  8:15  Marine x10  
  134  8:33  Unknown x6  
  188  8:44  Unknown x2  
  164  9:05  Siege Tank x3  
  164  9:08  Ghost  
  164  9:16  Marauder  
  164  9:19  Marine x11  
  164  9:27  Marine x28  
  164  9:37  Unknown x7  
  228  9:45  Unknown x7  
  166  10:08  Unknown  
  166  10:10  Siege Tank x3  
  166  10:13  Ghost  
  144  10:21  Marauder  
  134  10:24  Marine x15  
  112  10:42  Unknown x8  
  128  11:14  Siege Tank x3  
  128  11:17  Ghost  
  128  11:20  Ghost x4  
  128  11:22  Siege Tank  
  128  11:25  Ghost x2, Marauder  
  128  11:28  Marine x15  
  128  11:31  Marine x12  
  128  11:36  Marine x7  
  128  11:46  Unknown x8  
  202  11:47  Unknown x2  
  202  11:49  Unknown x4  
  180  11:54  Unknown x4  
  110  12:18  Siege Tank x3  
  110  12:21  Ghost  
  64  12:29  Marauder  
  14  12:32  Marine x15  
    12:50  Unknown x9  
  81  13:11  Unknown  
  75  13:23  Siege Tank x3  
  75  13:26  Ghost  
  75  13:33  Marauder  
  75  13:37  Marine x16  
  75  13:55  Unknown x10, Battlecruiser  
  165  14:27  Siege Tank x3  
  165  14:30  Ghost  
  165  14:35  Siege Tank  
  165  14:36  Unknown x2  
  165  14:38  Ghost x2, Marauder  
  165  14:41  Marine x16  
  165  14:49  Marine x7  
  165  14:59  Unknown x11  
  272  15:07  Unknown x4  
Show
View Real Time Build Order
Export as new Build Order

lllllllllll Protoss 

Build Orders: Zealot Archon 

Get SALT Encoding   

  32  0:24  Dark Templar  
  32  0:33  Stalker  
  32  1:03  Unknown x2  
  41  1:28  Dark Templar x2  
  41  1:37  Stalker  
  41  1:39  Unknown x2  
  41  2:02  Unknown x5  
  41  2:07  Unknown x3  
  56  2:33  Dark Templar x2  
  56  2:42  Stalker  
  47  3:12  Unknown x3  
  62  3:37  High Templar, Dark Templar x3  
  62  3:46  Stalker  
  62  3:57  Unknown  
  62  4:16  Unknown x4  
  68  4:41  High Templar, Dark Templar x3  
  68  4:50  Stalker  
  68  5:20  Unknown x4  
  91  5:35  Unknown  
  91  5:46  High Templar x2, Dark Templar x4  
  91  5:55  Stalker x2  
  91  6:16  Archon  
  91  6:25  Unknown x4  
  128  6:50  High Templar x2, Dark Templar x5  
  128  6:59  Stalker x3  
  128  7:12  Unknown x2  
  128  7:20  Archon  
  128  7:29  Unknown x4  
  171  8:50  Unknown  
  171  9:18  Unknown  
  56  10:03  High Templar x2, Dark Templar x7  
    10:12  Stalker x4  
    10:29  Unknown  
    10:33  Archon x2  
    10:42  Unknown x9  
  72  11:07  High Templar x2, Dark Templar x7  
  72  11:16  Stalker x4  
  72  11:37  Archon x2  
  72  11:46  Unknown x9  
  145  12:08  Unknown x2  
  145  12:11  High Templar x2, Dark Templar x7  
  145  12:20  Stalker x5  
  145  12:41  Archon x2  
  145  12:50  Unknown x10  
  218  13:16  High Templar x2, Dark Templar x8  
  218  13:25  Stalker x6  
  200  13:46  Archon x2, Unknown  
  154  13:55  Unknown x10  
  82  14:20  High Templar x2, Dark Templar x8  
  82  14:29  Stalker x6  
  75  14:50  Archon x2  
  73  14:59  Unknown x10  
  141  15:24  High Templar x2, Dark Templar x9  
  141  15:25  Unknown  
  90  15:33  Stalker x7  
  24  15:54  Archon x2  
  24  16:03  Unknown x11  
Show
View Real Time Build Order
Export as new Build Order

Masamune Terran 

Build Orders:  

Get SALT Encoding   

  6  0:00  Observer, Unknown  
  20  0:11  Unknown  
  20  0:39  Unknown x10  
  20  0:45  Marine x2  
  24  1:43  Unknown x2  
  24  1:48  Unknown  
  24  1:49  Marine x3  
  24  2:07  Unknown  
  22  2:54  Marine x3  
  22  3:12  Unknown  
  30  3:13  Unknown x10  
  28  3:47  Unknown  
  28  3:58  Marine x4  
  28  4:16  Unknown x2  
  40  4:43  Unknown x6  
  40  5:02  Marine x5  
  40  5:11  Unknown x2  
  40  5:20  Unknown x3  
  56  5:37  Unknown x8  
  48  6:06  Marine x5  
  48  6:25  Unknown x3  
  64  6:50  Unknown x6  
  64  6:54  Unknown  
  64  6:56  Unknown x3  
  64  7:11  Marine x5  
  62  7:21  Unknown x2  
  26  7:29  Unknown x4  
  47  7:43  Unknown x9  
  35  8:15  Marine x5  
  35  8:33  Unknown x4  
  56  8:49  Unknown x9  
  56  8:54  Unknown  
  22  9:16  Marauder  
  22  9:19  Marine x5  
  22  9:37  Unknown x5  
  49  9:44  Unknown x10  
  49  10:13  Ghost  
  49  10:18  Unknown x2  
  49  10:21  Marauder x2  
  35  10:24  Marine x7  
  22  10:38  Unknown x2  
  22  10:42  Unknown x6  
  65  10:53  Unknown x15  
  56  11:17  Ghost  
  50  11:25  Marauder x2  
  50  11:28  Marine x7  
  50  11:46  Unknown x6  
  93  11:47  Unknown x16  
  93  11:57  Unknown x2  
  89  12:20  Unknown  
  89  12:21  Ghost  
  89  12:29  Hellion, Marauder x2  
  89  12:32  Marine x7  
  89  12:39  Ghost x4  
  89  12:50  Marine x12, Unknown x7  
  141  12:56  Unknown x16  
  125  13:08  Unknown x4  
  125  13:22  Unknown x3  
  125  13:23  Siege Tank  
  125  13:26  Ghost  
  125  13:33  Hellion x2, Marauder x2  
  125  13:37  Marine x8  
  73  13:55  Unknown x8  
  81  14:09  Unknown x20  
  81  14:27  Siege Tank  
  81  14:30  Ghost  
  81  14:38  Hellion x2, Marauder x2  
  81  14:41  Marine x8  
  64  14:59  Unknown x8  
  135  15:05  Unknown x20  
  40  15:31  Siege Tank x2  
  40  15:34  Ghost  
  29  15:42  Hellion x2, Marauder x2  
  19  15:45  Marine x8  
  19  15:51  Unknown x2  
  19  16:03  Unknown x9  
  101  16:14  Unknown x18  
  101  16:24  Unknown  
  101  16:35  Siege Tank x2  
  101  16:38  Ghost  
  101  16:46  Hellion x2, Marauder x2  
  94  16:49  Marine x8  
  94  17:07  Unknown x9  
Show
View Real Time Build Order
Export as new Build Order

Brambleheart Zerg 

Build Orders:  

Get SALT Encoding   

  80  0:00  Unknown x10  
  80  0:01  Unknown  
    0:39  Mutalisk, Hydralisk x3  
    0:46  Zergling x5  
    1:03  Unknown x2  
  20  1:15  Unknown x2  
  20  1:43  Mutalisk, Hydralisk x4  
  20  1:50  Zergling x6  
  17  2:07  Unknown x2  
  41  2:27  Unknown x2  
  41  2:48  Mutalisk x2, Hydralisk x4  
  41  2:55  Zergling x6  
  41  3:11  Corruptor  
  41  3:12  Unknown x3  
  68  3:40  Unknown  
  68  3:52  Mutalisk x3, Hydralisk x4  
  68  3:59  Zergling x6  
  68  4:16  Unknown x5  
  107  4:52  Unknown x2  
Show
View Real Time Build Order
Export as new Build Order

NoRagrets Protoss 

Build Orders: Zealot Archon, Colossus Rush 

Get SALT Encoding   

  80  0:23  Unknown x2  
  80  0:27  Unknown x2  
  80  0:31  Unknown x2  
  80  0:35  Unknown x2  
  80  0:39  Unknown x2  
  80  0:43  Unknown x2  
  80  0:45  Colossus  
  80  0:47  Unknown  
  80  0:48  Unknown  
  80  0:52  Unknown x2  
  80  0:56  Unknown x2  
  80  1:00  Unknown x2  
  80  1:03  Unknown x10  
  99  1:04  Unknown x2  
  99  1:08  Unknown x2  
  99  1:12  Unknown x2  
  99  1:16  Unknown x2  
  99  1:20  Unknown x2  
  99  1:24  Unknown  
  99  1:25  Unknown  
  99  1:29  Unknown x2  
  99  1:33  Unknown x2  
  99  1:37  Unknown x2  
  99  1:39  Unknown  
  99  1:41  Unknown x2  
  99  1:45  Unknown x2  
  99  1:49  Unknown x2  
  99  1:53  Unknown x2  
  99  1:57  Unknown x2  
  99  2:01  Unknown x2  
  99  2:06  Unknown x2  
  99  2:07  Unknown x17  
  124  2:10  Unknown x2  
  124  2:14  Unknown x2  
  124  2:18  Unknown x2  
  124  2:22  Unknown x2  
  124  2:26  Unknown x2  
  124  2:30  Unknown x2  
  124  2:34  Unknown x2  
  124  2:38  Unknown x2  
  124  2:42  Unknown  
  124  2:43  Unknown  
  124  2:47  Unknown x2  
  124  2:51  Unknown x2  
  124  2:55  Unknown x2  
  124  2:59  Unknown x2  
  124  3:03  Unknown x2  
  120  3:07  Unknown x2  
  120  3:11  Unknown x2  
  120  3:12  Unknown x17  
  101  3:15  Unknown x2  
  101  3:19  Unknown  
  97  3:20  Unknown  
  95  3:32  Unknown  
  92  3:36  Unknown  
  92  3:37  Unknown  
  92  3:38  Unknown x2  
  92  3:40  Unknown  
  68  3:41  Unknown  
  68  3:42  Unknown x2  
  68  3:44  Unknown  
  68  3:45  Unknown  
  68  3:46  Unknown x2  
  68  3:48  Unknown  
  55  3:49  Unknown  
  55  3:50  Unknown x2  
  55  3:52  Unknown  
  55  3:53  Unknown  
  55  3:54  Unknown  
  55  3:55  Unknown  
  43  3:56  Unknown  
  43  3:58  Unknown x2  
  43  3:59  Unknown  
  43  4:00  Unknown  
  43  4:02  Unknown x2  
  40  4:03  Unknown x2  
  40  4:04  Unknown  
  40  4:06  Unknown x2  
  40  4:07  Unknown  
  40  4:08  Unknown  
  38  4:10  Unknown x2  
  38  4:11  Unknown  
  38  4:13  Unknown  
  38  4:14  Unknown  
  38  4:15  Unknown x2  
  38  4:16  Unknown x18  
  66  4:17  Unknown  
  66  4:18  Unknown  
  66  4:19  Unknown x2  
  66  4:21  Unknown  
  66  4:22  Unknown  
  66  4:23  Unknown x2  
  66  4:25  Unknown  
  66  4:26  Unknown  
  66  4:27  Unknown x2  
  66  4:29  Unknown  
  66  4:30  Unknown  
  62  4:31  Unknown  
  62  4:32  Unknown  
  62  4:33  Unknown  
  62  4:35  Unknown x2  
  62  4:36  Unknown  
  62  4:37  Unknown  
  62  4:39  Unknown x2  
  62  4:40  Unknown  
  62  4:41  Unknown  
  62  4:43  Unknown x2  
  62  4:44  Unknown  
  57  4:45  Unknown  
  57  4:47  Unknown x2  
  57  4:48  Unknown  
  57  4:49  Unknown  
  57  4:50  Unknown  
  57  4:51  Unknown x2  
  57  4:52  Unknown  
  29  4:53  Unknown  
  29  4:54  Unknown  
  29  4:55  Unknown  
  29  4:56  Unknown x2  
  29  4:57  Unknown  
  29  4:58  Unknown  
  29  4:59  Unknown  
  23  5:00  Unknown x2  
  23  5:01  Unknown  
  23  5:02  Unknown  
  23  5:03  Unknown  
  23  5:04  Unknown x2  
  23  5:05  Unknown  
  23  5:06  Unknown  
  23  5:07  Unknown  
  23  5:08  Unknown x2  
  23  5:09  Unknown  
  23  5:10  Unknown  
  23  5:11  Unknown  
  23  5:12  Unknown  
  23  5:13  Unknown x2  
  23  5:14  Unknown  
  23  5:16  Unknown x2  
  23  5:17  Unknown x2  
  23  5:18  Unknown  
  23  5:20  Unknown x20  
  23  5:21  Unknown  
  51  5:22  Unknown x2  
  51  5:24  Unknown x2  
  51  5:25  Unknown  
  51  5:26  Unknown  
  51  5:27  Unknown  
  51  5:28  Unknown x2  
  51  5:29  Unknown  
  51  5:30  Unknown  
  51  5:31  Unknown  
  51  5:32  Unknown  
  51  5:33  Unknown x2  
  51  5:34  Unknown  
  51  5:35  Unknown  
  51  5:36  Unknown  
  51  5:37  Unknown x2  
  51  5:38  Unknown  
  51  5:39  Unknown  
  51  5:40  Unknown  
  51  5:41  Unknown x3  
  51  5:42  Unknown  
  51  5:43  Unknown  
  51  5:44  Unknown  
  51  5:45  Unknown x2  
  51  5:46  Unknown  
  51  5:47  Unknown  
  51  5:48  Unknown  
  51  5:49  Unknown  
  51  5:50  Unknown x2  
  51  5:51  Unknown  
  51  5:53  Unknown x2  
  51  5:54  Unknown x3  
  51  5:55  Unknown  
  36  5:57  Unknown x2  
  36  5:58  Unknown x3  
  36  5:59  Unknown  
  36  6:01  Unknown x2  
  36  6:02  Unknown x2  
  36  6:03  Unknown x2  
  36  6:05  Unknown x2  
  36  6:06  Unknown x2  
  36  6:07  Unknown  
  36  6:08  Unknown  
  36  6:09  Unknown  
  36  6:10  Unknown x2  
  36  6:11  Unknown  
  36  6:12  Unknown  
  36  6:16  Unknown  
  36  6:20  Unknown  
  36  6:24  Unknown  
  36  6:25  Unknown x20  
  68  6:28  Unknown  
  68  6:32  Unknown  
  68  6:36  Unknown  
  68  6:40  Unknown  
  68  6:45  Unknown  
  68  6:56  Unknown x5  
  68  7:00  Unknown x5  
  68  7:02  Unknown  
  68  7:04  Unknown x4  
  68  7:05  Unknown  
  68  7:06  Unknown  
  68  7:08  Unknown x4  
  68  7:09  Unknown  
  68  7:12  Unknown x4  
  68  7:15  Unknown  
  68  7:16  Unknown x5  
  68  7:19  Unknown x3  
  68  7:20  Archon, Unknown x4  
  68  7:21  Unknown  
  68  7:23  Unknown  
  68  7:24  Unknown x3  
  68  7:25  Unknown x2  
  68  7:27  Unknown  
  68  7:28  Unknown x3  
  68  7:29  Unknown x31  
  120  7:32  Unknown x3  
  120  7:33  Unknown x3  
  120  7:36  Unknown x2  
  120  7:37  Unknown x4  
  120  7:40  Unknown x2  
  120  7:41  Unknown x4  
  111  7:44  Unknown  
  111  7:45  Unknown x5  
  111  7:46  Unknown  
  111  7:48  Unknown  
  111  7:49  Unknown x5  
  111  7:50  Unknown x2  
  111  7:51  Unknown  
  75  7:52  Unknown  
  75  7:53  Unknown x5  
  75  7:54  Unknown  
  75  7:55  Unknown x2  
  75  7:56  Unknown  
  75  7:57  Unknown x5  
  75  7:58  Unknown  
  51  7:59  Unknown x2  
  51  8:00  Unknown  
  51  8:01  Unknown x4  
  51  8:02  Unknown x2  
  51  8:03  Unknown x2  
  51  8:04  Unknown  
  51  8:05  Unknown x3  
  51  8:06  Unknown x3  
  51  8:07  Unknown x2  
  51  8:09  Unknown x3  
  51  8:10  Unknown x4  
  51  8:11  Unknown x2  
  51  8:13  Unknown x2  
  51  8:14  Unknown x5  
  51  8:15  Unknown x2  
  51  8:17  Unknown  
  51  8:24  Archon, Unknown x5  
  51  8:25  Unknown x3  
  51  8:26  Unknown  
  51  8:28  Unknown x5  
  51  8:29  Unknown x3  
  51  8:30  Unknown  
  51  8:32  Unknown x5  
  51  8:33  Unknown x31  
  51  8:34  Unknown x2  
  102  8:36  Unknown x4  
  102  8:37  Unknown x3  
  102  8:38  Unknown x2  
  102  8:40  Unknown x2  
  102  8:41  Unknown x5  
  102  8:42  Unknown x2  
  102  8:44  Unknown  
  102  8:45  Unknown x6  
  102  8:46  Unknown x2  
  92  8:48  Unknown  
  92  8:49  Unknown x6  
  92  8:50  Unknown x2  
  92  8:52  Unknown  
  92  8:53  Unknown x5  
  92  8:54  Unknown x3  
  92  8:55  Unknown  
  75  8:56  Unknown x2  
  75  8:57  Unknown x6  
  75  8:58  Unknown x2  
  75  8:59  Unknown  
  75  9:00  Unknown  
  75  9:01  Unknown x4  
  75  9:02  Unknown x2  
  74  9:03  Unknown  
  74  9:05  Unknown  
  74  9:07  Unknown x2  
  74  9:08  Unknown x6  
  74  9:09  Unknown x2  
  71  9:11  Unknown  
  71  9:12  Unknown x7  
  71  9:13  Unknown  
  71  9:16  Unknown x5  
  71  9:20  Unknown x4  
  71  9:24  Unknown x4  
  71  9:25  Unknown  
  71  9:27  Unknown  
  71  9:28  Archon, Unknown x3  
  71  9:29  Unknown  
  71  9:30  Unknown x2  
  71  9:31  Unknown x2  
  71  9:32  Unknown x3  
  71  9:33  Unknown  
  71  9:34  Unknown  
  71  9:35  Unknown x3  
  71  9:36  Unknown x2  
  71  9:37  Unknown x33  
  71  9:38  Unknown x3  
  127  9:39  Unknown x3  
  127  9:40  Unknown x2  
  127  9:41  Unknown x3  
  127  9:42  Unknown x3  
  127  9:43  Unknown x2  
  127  9:44  Unknown  
  127  9:45  Unknown x4  
  123  9:46  Unknown  
  123  9:47  Unknown x2  
  123  9:48  Unknown  
  123  9:49  Unknown x4  
  123  9:50  Unknown  
  123  9:52  Unknown x3  
  117  9:53  Unknown x5  
  117  9:54  Unknown  
  117  9:56  Unknown x2  
  117  9:57  Unknown x5  
  54  10:03  High Templar  
  48  10:18  Unknown  
  23  10:22  Unknown  
  23  10:27  Unknown  
  23  10:31  Unknown  
  23  10:33  Archon  
  23  10:35  Unknown x2  
  23  10:39  Unknown  
  23  10:41  Unknown  
  23  10:42  Unknown x33  
  74  10:43  Unknown  
  67  11:07  High Templar  
  67  11:08  Unknown  
  67  11:09  Unknown  
  36  11:12  Unknown  
  36  11:13  Unknown  
  36  11:17  Unknown x2  
  18  11:21  Unknown x2  
  18  11:25  Unknown x2  
  18  11:29  Unknown  
  18  11:30  Unknown  
  18  11:33  Unknown  
  18  11:34  Unknown  
  18  11:37  Archon, Unknown  
  18  11:38  Unknown  
  18  11:41  Unknown  
  18  11:42  Unknown  
  18  11:45  Unknown  
  18  11:46  Unknown x33  
  78  11:49  Unknown  
  78  11:50  Unknown  
  78  11:54  Unknown x2  
  78  11:58  Unknown x2  
  78  12:02  Unknown x2  
  78  12:06  Unknown x2  
  78  12:10  Unknown x2  
  78  12:11  High Templar, Unknown x2  
  78  12:14  Unknown  
  78  12:15  Unknown x3  
  67  12:18  Unknown  
  67  12:19  Unknown x3  
  67  12:22  Unknown  
  59  12:23  Unknown x3  
  59  12:26  Unknown  
  59  12:27  Unknown x3  
  59  12:29  Unknown  
  59  12:31  Unknown x4  
  59  12:35  Unknown x4  
  59  12:39  Unknown x4  
  59  12:41  Archon  
  59  12:50  Unknown x42  
  135  13:16  High Templar  
  135  13:17  Unknown  
  135  13:18  Unknown x2  
  86  13:20  Unknown  
  86  13:21  Unknown  
  86  13:22  Unknown  
  86  13:23  Unknown  
  25  13:28  Unknown x3  
  25  13:32  Unknown x3  
  25  13:36  Unknown x3  
  21  13:42  Unknown x2  
  21  13:43  Unknown  
  21  13:46  Archon, Unknown  
  21  13:47  Unknown x2  
  21  13:50  Unknown  
  21  13:51  Unknown  
  21  13:53  Unknown  
  21  13:55  Unknown x44  
  94  13:57  Unknown  
  94  13:59  Unknown  
  94  14:07  Unknown  
  94  14:20  High Templar x2  
  94  14:22  Unknown x4  
  94  14:23  Unknown  
  94  14:24  Unknown  
  62  14:26  Unknown x3  
  62  14:27  Unknown  
  62  14:28  Unknown  
  62  14:30  Unknown x3  
  35  14:31  Unknown  
  35  14:32  Unknown  
  35  14:34  Unknown x3  
  35  14:35  Unknown  
  35  14:36  Unknown  
  25  14:38  Unknown x2  
  25  14:39  Unknown  
  25  14:40  Unknown  
  25  14:42  Unknown x2  
  25  14:44  Unknown x2  
  25  14:46  Unknown x2  
  25  14:48  Unknown x2  
  25  14:50  Archon x2, Unknown x2  
  25  14:52  Unknown x2  
  25  14:55  Unknown  
  25  14:56  Unknown  
  25  14:59  Unknown x44  
  105  15:17  Unknown  
  105  15:18  Unknown  
  105  15:21  Unknown  
  101  15:24  High Templar x2  
  85  15:38  Unknown x2  
  85  15:41  Unknown  
  18  15:44  Unknown x2  
  18  15:45  Unknown  
  18  15:47  Unknown  
  18  15:48  Unknown x2  
  18  15:49  Unknown  
  15  15:52  Unknown x2  
  15  15:53  Unknown  
  15  15:54  Archon x2  
  15  15:56  Unknown x2  
  15  16:03  Unknown x46  
Show
View Real Time Build Order
Export as new Build Order

Toth Terran 

Build Orders:  

Get SALT Encoding   

    0:00  Marine x84, Ghost x28, Unknown x28  
  73  0:34  Ghost  
  73  0:45  Marine x3  
  73  0:53  Medivac  
  73  1:03  Unknown x3  
  99  1:23  Unknown  
  99  1:38  Ghost  
  99  1:49  Marine x3  
  99  2:07  Unknown x4  
  132  2:43  Ghost  
  132  2:46  Unknown x2  
  132  2:54  Marine x3  
  126  3:12  Unknown x5  
  156  3:36  Ghost x12  
  156  3:47  Marine x16, Ghost x2  
  156  3:58  Marine x4  
  156  4:05  Unknown x17  
  156  4:08  Unknown x2  
  158  4:16  Unknown x6  
  80  4:51  Ghost x2  
  68  5:02  Marine x4  
  68  5:20  Unknown x6  
  83  5:40  Unknown x2  
  51  5:53  Siege Tank  
  51  5:56  Ghost x2  
  30  6:06  Marine x4  
  30  6:25  Unknown x7  
  88  6:57  Siege Tank  
  88  7:00  Ghost x2  
  88  7:02  Unknown  
  88  7:11  Marine x5  
  88  7:29  Unknown x8  
  122  8:01  Siege Tank  
  122  8:04  Ghost x3  
  83  8:15  Marine x7  
  81  8:26  Unknown  
  81  8:33  Unknown x9  
  92  9:05  Siege Tank  
  92  9:08  Ghost x3  
  92  9:19  Marine x7  
  92  9:21  Unknown  
  92  9:37  Unknown x9  
  163  9:49  Unknown x2  
  131  10:10  Siege Tank x2  
  131  10:13  Ghost x3  
  99  10:24  Marine x8  
  93  10:42  Unknown x11  
  179  10:53  Ghost x10  
  179  11:04  Marine x15  
  165  11:14  Siege Tank x3  
  165  11:16  Unknown x2  
  165  11:17  Ghost x3  
  165  11:22  Unknown x34  
  165  11:28  Marine x10  
  128  11:46  Unknown x13  
  79  12:18  Siege Tank x3  
  79  12:21  Ghost x3  
  73  12:32  Marine x10  
  31  12:41  Unknown  
  31  12:50  Unknown x14  
  52  13:23  Siege Tank x3  
  52  13:26  Ghost x3  
  28  13:37  Marine x10  
  28  13:55  Unknown x14  
  149  14:09  Unknown  
  110  14:27  Siege Tank x2  
  110  14:30  Ghost x3  
  40  14:41  Marine x8  
  40  14:59  Unknown x16, Battlecruiser  
  108  15:31  Siege Tank x2  
  108  15:32  Unknown x2  
  108  15:34  Ghost x2  
  103  15:45  Marine x8  
  121  16:03  Unknown x17  
  55  16:59  Unknown  
Show
View Real Time Build Order
Export as new Build Order

Alarak Zerg 

Build Orders:  

Get SALT Encoding   

    0:01  Unknown  
    0:39  Hydralisk x4  
    0:46  Zergling x6  
  16  1:13  Unknown x2  
  15  1:40  Unknown  
  15  1:43  Hydralisk x4  
  15  1:50  Zergling x7  
  14  2:07  Unknown  
  29  2:25  Unknown x2  
  29  2:36  Queen  
  29  2:48  Hydralisk x4  
  29  2:55  Zergling x8  
  29  3:12  Unknown  
  52  3:37  Unknown x2  
  52  3:40  Queen  
  52  3:52  Hydralisk x5  
  52  3:59  Zergling x9  
  52  4:16  Unknown  
  68  4:55  Unknown  
Show
View Real Time Build Order
Export as new Build Order

Priest Zerg - Winner!

Build Orders:  

Get SALT Encoding   

    0:01  Unknown  
    0:27  Queen  
    0:39  Mutalisk, Hydralisk x4  
    0:46  Zergling x10  
    1:03  Unknown  
  30  1:15  Unknown x2  
  20  1:31  Queen  
  20  1:43  Mutalisk x2, Hydralisk x4  
  20  1:50  Zergling x10  
  20  2:07  Unknown x2  
  57  2:26  Unknown  
  57  2:36  Queen  
  57  2:48  Mutalisk x2, Hydralisk x4  
  57  2:55  Zergling x11  
  57  3:12  Unknown x2  
  91  3:38  Unknown x3  
  91  3:40  Queen  
  91  3:52  Mutalisk x2, Hydralisk x5  
  91  3:59  Zergling x12  
  66  4:16  Unknown x2  
  67  4:44  Queen x2  
  65  4:50  Unknown x3  
  34  4:56  Mutalisk x2, Hydralisk x6  
  29  5:03  Zergling x14  
  29  5:20  Unknown x2  
  79  5:46  Ultralisk  
  79  5:49  Queen x2  
  79  6:01  Mutalisk x2, Hydralisk x6  
  79  6:03  Unknown x2  
  79  6:08  Zergling x15  
  66  6:25  Unknown x4  
  95  6:35  Unknown x2  
  59  6:50  Ultralisk  
  59  6:53  Queen x2  
  53  7:05  Mutalisk x2, Hydralisk x8  
  53  7:12  Zergling x18  
  27  7:16  Unknown  
  27  7:29  Unknown x2  
  92  7:37  Unknown x2  
  92  7:48  Unknown x2  
  92  7:54  Ultralisk x2  
  92  7:57  Queen x4  
  92  8:09  Mutalisk x2, Hydralisk x9  
  84  8:16  Zergling x23  
  84  8:29  Unknown x2  
  84  8:33  Unknown x2  
  166  8:58  Ultralisk x2  
  166  9:01  Queen x4  
  155  9:04  Unknown x2  
  155  9:13  Mutalisk x2, Hydralisk x10  
  132  9:20  Zergling x23  
  124  9:37  Unknown x2  
  208  9:43  Unknown x2  
  123  10:03  Ultralisk x4  
  123  10:06  Queen x4  
  95  10:14  Unknown x2  
  95  10:17  Unknown x2  
  95  10:18  Mutalisk x2, Hydralisk x11  
  95  10:25  Zergling x23  
  95  10:42  Unknown x2  
  198  10:55  Unknown x2  
  170  11:07  Ultralisk x4  
  170  11:10  Queen x5  
  98  11:22  Mutalisk x5, Hydralisk x12  
  98  11:25  Unknown  
  86  11:28  Unknown x2  
  86  11:29  Zergling x27  
  86  11:32  Unknown x2  
  82  11:46  Unknown x2  
  165  12:08  Unknown x2  
  135  12:11  Ultralisk x5  
  135  12:14  Queen x5  
  127  12:26  Mutalisk x8, Hydralisk x13  
  127  12:33  Zergling x29  
  97  12:41  Unknown x2  
  92  12:44  Unknown  
  92  12:50  Unknown x5  
  242  13:16  Ultralisk x6  
  242  13:18  Queen x5  
  188  13:20  Unknown x2  
  166  13:31  Mutalisk x8, Hydralisk x13  
  166  13:38  Zergling x33  
  164  13:53  Unknown x2  
  164  13:55  Unknown x7  
  332  13:57  Unknown x2  
  312  14:20  Ultralisk x7  
  312  14:23  Queen x5  
  115  14:33  Unknown x2  
  115  14:35  Mutalisk x10, Hydralisk x15  
  41  14:42  Zergling x35  
  41  14:59  Unknown x9  
  236  15:24  Ultralisk x7  
  236  15:27  Queen x5  
  227  15:39  Mutalisk x10, Hydralisk x15  
  227  15:46  Zergling x35  
  182  16:03  Unknown x9  
  291  16:28  Ultralisk x7  
  291  16:31  Queen x5  
  228  16:43  Mutalisk x10, Hydralisk x15  
  228  16:50  Zergling x35  
  124  17:07  Unknown x9  
  330  17:33  Ultralisk x7  
  330  17:36  Queen x5  
  311  17:48  Mutalisk x10, Hydralisk x15  
  265  17:55  Zergling x35  
  174  18:12  Unknown x9  
Show
View Real Time Build Order
Export as new Build Order

BloodAsp Protoss 

Build Orders:  

Get SALT Encoding   

  12  0:01  Unknown x2  
  12  1:03  Unknown x4  
  25  1:55  Unknown  
  25  2:07  Unknown x5  
  43  3:12  Unknown x5  
  62  3:50  Unknown x2  
  62  4:16  Unknown x6  
  85  5:20  Unknown x6  
  109  5:43  Unknown  
  109  6:25  Unknown x7  
  137  7:12  Unknown  
  137  7:41  Unknown  
  137  9:38  Unknown  
  35  10:42  Unknown x10  
  70  11:41  Unknown x3  
  70  11:46  Unknown x13  
  80  12:50  Unknown x13  
  57  13:33  Unknown  
  57  13:39  Unknown x13  
  112  13:55  Unknown x15  
  92  14:59  Unknown x16  
  77  15:26  Unknown  
  31  16:03  Unknown x21  
  139  17:07  Unknown x21  
Tags
 
Add a new tag
Caveats
  • Supply blocks, unpowered buildings, or Contaminate may cause inaccurate times.
  • Supply counts are checked every 10 seconds.